 Dungeon Crawl Stone Soup version 0.15.1-1-gfacfea3 (webtiles) character file.

3093 rel the Fighter (level 10, 0/99 HPs)
             Began as a Kobold Berserker on Sept 20, 2014.
             Was an Elder of Trog.
             Slain by a goliath beetle (23 damage)
             ... on Level 9 of the Dungeon.
             The game lasted 00:32:58 (8825 turns).

rel the Fighter (Kobold Berserker)                  Turns: 8825, Time: 00:32:58

HP   0/99        AC 11     Str 23      XL: 10   Next: 13%
MP  12/12        EV 12     Int  8      God: Trog [****..]
Gold 399         SH  0     Dex 14 (16) Spells:  0 memorised,  9 levels left

rFire  . . .     SeeInvis .     m - +4 short sword (speed)
rCold  + . .     Clarity  .     v - +2 scale mail {rC+}
rNeg   . . .     rCorr    .     (no shield)
rPois  +         rRot     .     e - +0 helmet
rElec  .         Spirit   .     l - +0 cloak
SustAb .         Warding  .     (no gloves)
rMut   .         Stasis   .     (no boots)
Gourm  .                        (no amulet)
MR     ++...                    r - ring of poison resistance
                                w - +2 ring of intelligence

@: berserking, regenerating, very quick, very resistant to hostile enchantments,
extremely unstealthy
A: carnivore 3
a: Burn Spellbooks, Berserk, Trog's Hand, Brothers in Arms, Renounce Religion


You were on level 9 of the Dungeon.
You worshipped Trog.
Trog was greatly pleased with you.
You were full.

You visited 1 branch of the dungeon, and saw 9 of its levels.

You collected 399 gold pieces.

Inventory:

Hand weapons
 k - a +0 short sword of speed
 m - a +4 short sword of speed (weapon)
 u - a cursed -3 dagger
Missiles
 y - 5 silver tomahawks (quivered)
 z - a tomahawk of dispersal
Armour
 e - a +0 helmet (worn)
 l - a +0 cloak (worn)
 v - a +2 scale mail of cold resistance (worn)
Magical devices
 i - a wand of frost (15)
 o - a wand of random effects (14)
 q - a wand of teleportation (9)
 D - a wand of confusion (9) {unknown}
Comestibles
 c - 6 meat rations
 j - a slice of pizza
 t - 6 royal jellies
 x - 5 beef jerkies
Scrolls
 b - a scroll of fear {unknown}
 d - 2 scrolls of teleportation
 g - a scroll of amnesia
 h - a scroll of recharging
 p - 2 scrolls of noise {unknown}
 s - 2 scrolls of immolation {unknown}
 A - 3 scrolls of remove curse
Jewellery
 r - a ring of poison resistance (right hand)
 w - a +2 ring of intelligence (left hand)
 B - a +6 ring of dexterity {unknown}
Potions
 a - 3 potions of curing
 n - a potion of might {unknown}
 C - a potion of heal wounds {unknown}
Magical staves
 f - a cursed staff of energy {unknown}


   Skills:
 + Level 9.1 Fighting
 + Level 9.1 Short Blades
 + Level 5.4 Armour
 + Level 6.8 Dodging
 * Level 4.8 Stealth
 + Level 1.6 Evocations


You had 9 spell levels left.
You didn't know any spells.

Dungeon Overview and Level Annotations

Branches:
Dungeon (9/15)             Temple (0/1) D:5
    Orc: D:9-12        Lair: D:8-11

Altars:
Fedhas
The Shining One


Innate Abilities, Weirdness & Mutations

You are small and have problems with some larger weapons.
You are carnivorous and can eat meat at any time.


Message History

The crocodile bites you but does no damage.
You feel a strong urge to attack something.
You puncture the goliath beetle!
The goliath beetle is moderately wounded.
The goliath beetle barely misses you.
You slash the goliath beetle!
The goliath beetle is moderately wounded.
You hit the goliath beetle.
The goliath beetle is heavily wounded.
You slash the goliath beetle!
The goliath beetle is severely wounded.
You hit the goliath beetle.
The goliath beetle is severely wounded.
The crocodile bites you but does no damage.
You completely miss the goliath beetle.
The goliath beetle is severely wounded.
You hit the goliath beetle.
The goliath beetle is almost dead.
The goliath beetle bites you!!
You die...

#..#####.##.#
#..#####.#..##
#####....<##.#.#..
#####.......#.##.#.#.#
.....####...)...#.#.#
####..#####.#).......#
.#..#.....%..##.######..##
..........t##.##.# ##.#
.#..#.##.@..#...# .#
.........#B.##.## .. #
.#######...### ..# .
.....# ... .......# . .
#.......# ....... ..$. .


You could see a goliath beetle and a crocodile.

Vanquished Creatures
  A yak (D:9)
  2 soldier ants (D:8)
  Edmund (D:5)
  Menkaure (D:7)
  An orc warrior (D:8)
  A black bear (D:8)
  4 ogres
  An ice beast (D:6)
  3 centaurs
  5 giant frogs
  3 scorpions
  A yak skeleton (D:8)
  2 goliath beetles
  A quasit (D:8)
  3 crimson imps
  2 orc priests
  7 orc wizards
  A hound (D:4)
  6 worker ants
  A centaur skeleton (D:5)
  4 iguanas
  Jessica (D:2)
  A worker ant zombie (D:6)
  9 adders
  A shadow imp (D:7)
  3 worms
  An adder zombie (D:5)
  An orc skeleton (D:7)
  4 giant geckos
  2 oozes (D:1)
  34 orcs
  15 bats
  A bat skeleton (D:6)
  A bat zombie (D:5)
  9 giant cockroaches
  11 hobgoblins
  7 jackals
  2 quokkas (D:3)
  4 ball pythons
  5 giant newts
  8 goblins
  14 kobolds
  A kobold skeleton (D:6)
  A kobold zombie (D:7)
  11 rats
  A rat skeleton (D:6)
199 creatures vanquished.

Vanquished Creatures (collateral kills)
  An orc warrior (D:8)
  An orc (D:8)
2 creatures vanquished.

Grand Total: 201 creatures vanquished

Notes
Turn   | Place    | Note
--------------------------------------------------------------
     0 | D:1      | rel, the Kobold Berserker, began the quest for the Orb.
     0 | D:1      | Reached XP level 1. HP: 14/14 MP: 1/1
   368 | D:1      | Reached XP level 2. HP: 16/19 MP: 2/2
  1166 | D:2      | Reached XP level 3. HP: 14/24 MP: 3/3
  1309 | D:2      | Noticed Jessica
  1319 | D:2      | Killed Jessica
  1319 | D:2      | Reached XP level 4. HP: 29/29 MP: 4/4
  2527 | D:2      | Reached skill level 1 in Stealth
  2668 | D:2      | Acquired Trog's second power
  2751 | D:2      | Reached XP level 5. HP: 31/33 MP: 5/5
  2925 | D:3      | Reached skill level 5 in Short Blades
  3264 | D:3      | Found a blossoming altar of Fedhas.
  3849 | D:4      | Reached XP level 6. HP: 12/38 MP: 6/6
  3852 | D:4      | Reached skill level 5 in Dodging
  4046 | D:4      | Noticed an ogre
  4058 | D:4      | Killed an ogre
  4086 | D:5      | Entered Level 5 of the Dungeon
  4108 | D:5      | Noticed Edmund
  4132 | D:5      | Killed Edmund
  4132 | D:5      | Reached skill level 6 in Short Blades
  4132 | D:5      | Reached XP level 7. HP: 7/44 MP: 7/7
  4387 | D:5      | Found a staircase to the Ecumenical Temple.
  4838 | D:5      | Reached XP level 8. HP: 46/48 MP: 8/8
  5050 | D:5      | Reached skill level 5 in Fighting
  5080 | D:5      | Reached skill level 7 in Short Blades
  5629 | D:6      | Found a glowing golden altar of the Shining One.
  5715 | D:6      | Reached skill level 8 in Short Blades
  5715 | D:6      | Reached skill level 1 in Evocations
  5990 | D:6      | Reached XP level 9. HP: 46/55 MP: 9/11
  6645 | D:7      | Reached skill level 9 in Short Blades
  6699 | D:7      | Acquired Trog's third power
  7010 | D:7      | Noticed Menkaure
  7024 | D:7      | Killed Menkaure
  8525 | D:8      | Reached skill level 5 in Armour
  8596 | D:8      | Reached XP level 10. HP: 36/66 MP: 12/12
  8825 | D:9      | Slain by a goliath beetle

Action                   |  1- 3 |  4- 6 |  7- 9 | 10-12 || total
-------------------------+-------+-------+-------+-------++-------
Melee: Short sword       |    99 |   273 |   556 |    55 ||   983
Invok: Berserk           |     2 |     5 |     7 |     1 ||    15
       Trog's Hand       |       |     3 |     9 |     1 ||    13
       Burn Spellbooks   |       |       |     1 |       ||     1
       Brothers in Arms  |       |       |     1 |       ||     1
Evoke: Wand              |       |       |     3 |       ||     3
  Use: Scroll            |       |     9 |    12 |       ||    21
       Potion            |       |     1 |     7 |     1 ||     9
 Stab: Invisible         |       |     2 |       |       ||     2
       Sleeping          |       |     1 |     8 |       ||     9
  Eat: Chunk             |     9 |    15 |    23 |       ||    47
